[Event "*** Titled Tuesday Blitz"]
[Site "Chess.com"]
[Date "2020.10.20"]
[Round "1"]
[White "Qvalda"]
[Black "Guenplen"]
[Result "0-1"]
[WhiteElo "2421"]
[BlackElo "2852"]
[TimeControl "180+1"]
[EndTime "10:08:47 PDT"]
[Termination "Guenplen won on time"]

1. d4 d5 2. c4 e6 3. Nc3 a6 4. cxd5 exd5 5. Nf3 Nf6 6. Bf4 c5 7. e3 c4 8. Be2 b5 9. O-O Be7 10. Ne5 O-O 11. Bf3 Bb7 12. h3 Nbd7 13. Ne2 Nb6 14. Ng3 Re8 15. Nf5 Bf8 16. Bg5 h6 17. Bh4 g6 18. Ng4 Re6 19. Ngxh6+ Bxh6 20. Nxh6+ Kg7 21. Ng4 Nbd7 22. Nxf6 Nxf6 23. Bg4 Rb6 24. f4 Qh8 25. Bg3 Ne4 26. Bh2 f5 27. Bf3 Re8 28. Bxe4 Rxe4 29. Qf3 Rbe6 30. Rfe1 a5 31. a3 Bc6 32. Bg3 Re7 33. Qf2 Qe8 34. Bh4 R7e6 35. Qg3 Qh8 36. Qg5 Be8 37. Bf2 Bf7 38. Rac1 Re8 39. Kh2 Qh6 40. Qxh6+ Kxh6 41. Kg3 g5 42. fxg5+ Kxg5 43. Kh2 Bh5 44. Rf1 Be2 45. Rfe1 Bd3 46. Rcd1 Kg6 47.
Rc1 R4e6 48. Rcd1 b4 49. axb4 axb4 50. Ra1 c3 51. bxc3 bxc3 52. Ra3 Rc8 53. Rc1 Be4 54.
Raxc3 Rxc3 55. Rxc3 Rb6 56. Rc1 Rb2 57. Kg3 Re2 58.
Rc8 Ra2 59. Rc6+ Kf7 60. Rc7+ Kg6 61. Rc6+ Kf7 62. h4 Ra1 63. h5 Rh1 64. h6 Kg8 65.
Rb6 Kh7 66. Ra6 Rh5 67. Rb6 Rg5+ 68. Kf4 Rxg2 0-1

[Event "*** Titled Tuesday Blitz"]
[Site "Chess.com"]
[Date "2020.10.20"]
[Round "1"]
[White "Buffy7"]
[Black "Kaua18"]
[Result "1-0"]
[WhiteElo "2650"]
[BlackElo "2319"]
[TimeControl "180+1"]
[EndTime "10:08:50 PDT"]
[Termination "Buffy7 won by resignation"]

1. c4 c5 2. g3 Nc6 3. Bg2 g6 4. Nc3 Bg7 5. Nf3 e5 6. O-O d6 7.
Ne1 Be6 8. Nd5 Nge7 9. Nc2 O-O 10. d3 f5 11. Bg5 h6 12. Bxe7 Nxe7 13. Nxe7+ Qxe7 14. Ne3 Rab8 15. Rb1 b5 16. Bd5 f4 17. Bxe6+ Qxe6 18. Nd5 fxg3 19. hxg3 e4 20. b3 b4 21.
dxe4 Qxe4 22. Qd3 Qxd3 23. exd3 Rf3 24. Rbd1 Bd4 25. Kg2 Rbf8 26. Nf4 R3xf4 27. gxf4 Rxf4 28. Rde1 Kf7 29. Re4 Rf5 30. f4 Bc3 31. Rf2 d5 32. Ree2 Bd4 33. Rf1 Kf6 34. Kg3 Kf7 35. Kg4 h5+ 36.
Kg3 Bf6 37. Rf3 Bd4 38. cxd5 Rxd5 39. f5 gxf5 40. Kh4 Kg6 41. Rg2+ Kh6 42. Re2 Bf6+ 43. Kh3 Kg6 44. Re6 Rd4 45. Rc6 Rh4+ 46. Kg3 Rg4+ 47. Kh3 Rh4+ 48. Kg2 Rg4+ 49. Kf1 Kg5 50. Rxc5 Rf4 51.
Rxf4 Kxf4 52. Rc4+ Ke3 53. Rxb4 Kxd3 54. Ra4 Bd4 55.
Kg2 Kc3 56. Rc4+ Kd3 57. Kf3 h4 58. Rc7 Be5 59. Rf7 h3 60. Rxf5 Bc7 61. Rh5 h2 62. Rh7 Bb6 63. Rxh2 Kc3 64. Rh4 Kb2 65. Ra4 Kc2 66.
Ke4 Kc3 67. Kd5 Kb2 68. Kc6 Kc3 69. Kb7 Kb2 70. Rxa7 Bd4 71. Ra4 1-0

[Event "*** Titled Tuesday Blitz"]
[Site "Chess.com"]
[Date "2020.10.20"]
[Round "1"]
[White "Superfelix"]
[Black "Jospem"]
[Result "0-1"]
[WhiteElo "2450"]
[BlackElo "2955"]
[TimeControl "180+1"]
[EndTime "10:08:52 PDT"]
[Termination "Jospem won by resignation"]

1. e4 e5 2. Nf3 Nc6 3. d4 exd4 4. Nxd4 Nf6 5. Nc3 d6 6. g3 Be7 7. Bg2 O-O 8. O-O Bd7 9. h3 Re8 10. Be3 Bf8 11. Re1 a6 12. Nd5 Nxd5 13. exd5 Ne7 14. c4 Nf5 15. Nxf5 Bxf5 16. Qd2 Qd7 17. Kh2 Be4 18.
Bd4 Bxg2 19. Kxg2 c5 20. Bc3 b5 21. b3 Qf5 22. Rxe8 Rxe8 23. Re1 Rb8 24. g4 Qg6 25. f4 f5 26. Re6 Qf7 27. g5 bxc4 28. bxc4 a5 29. Qc2 Ra8 30. a4 Ra7 31. Qe2 Ra8 32.
h4 Qd7 33. Qc2 Qf7 34. Qe2 Qd7 35. Qc2 Qf7 36. Qd1 Rb8 37. h5 Qb7 38. g6 Be7 39. h6 Bf6 40. gxh7+ Kxh7 41. Bxf6 gxf6 42. Qe2 Rg8+ 43. Kh2 Qb3 44. Re3 Qb1 45. Re7+ Kxh6 46. Qf2 Kh5 47. Rh7+ Kg6 48. Rh3 Kf7 49. Rh7+ Rg7 50.
Rh3 Qe4 51. Re3 Rg2+ 52. Qxg2 Qxe3 53. Qf1 Qd2+ 54. Kg3 Qc2 55. Qe1 Qb3+ 56. Kh4 Qxc4 57. Qe6+ Kg7 58. Qe7+ Kg6 59. Qe8+ Kh7 60. Qf7+ Kh8 61.
Qxf6+ Kg8 62. Qe6+ Kg7 63. Qe7+ Kg8 64. Qg5+ Kh8 65.
Qxf5 Qd4 66. Qf8+ Kh7 67. Qxd6 c4 68. Qe7+ Kg8 69. Qe6+ Kg7 70. Qe7+ Kg8 71. Qg5+ Kf7 72. Qf5+ Qf6+ 73. Kg4 Qxf5+ 74. Kxf5 c3 75. d6 c2 76. d7 Ke7 77. Kg6 0-1

[Event "*** Titled Tuesday Blitz"]
[Site "Chess.com"]
[Date "2020.10.20"]
[Round "1"]
[White "Agoking701"]
[Black "ENajer77"]
[Result "0-1"]
[WhiteElo "2343"]
[BlackElo "2694"]
[TimeControl "180+1"]
[EndTime "10:08:52 PDT"]
[Termination "ENajer77 won by resignation"]

1. e4 c6 2. d4 d5 3. Nc3 dxe4 4.
Nxe4 Bf5 5. Ng3 Bg6 6. Nf3 Nd7 7. Bd3 e6 8. O-O Ngf6 9. Bg5 Qc7 10. Re1 Be7 11. Qe2 Bxd3 12. Qxd3 O-O 13. c3 Rfe8 14. Rad1 h6 15. Bc1 Rad8 16. Ne4 Nxe4 17. Qxe4 Nf6 18. Qf4 Qxf4 19. Bxf4 c5 20. Kf1 g5 21. Bg3 Nd5 22. Ne5 h5 23. h3 cxd4 24. Rxd4 Bc5 25. Rc4 Bb6 26. h4 g4 27. Ke2 Ne7 28. Bf4 f6 29.
Nd3 e5 30. Be3 Bxe3 31. fxe3 Nf5 32. e4 Nxh4 33. Rh1 Nxg2 34. Rc7 h4 35. Rxb7 g3 36. Kf3 Rxd3+ 37. Kxg2 Rd2+ 38. Kf3 g2 39. Rg1 h3 40.
Kg3 Rd3+ 41. Kh2 a5 42. c4 Rc8 43. Rb3 Rxb3 44. axb3 Rb8 45. Kxh3 Rxb3+ 46. Kg4 Kf7 47. Rxg2 Ke6 48. Rc2 Re3 49. c5 Rxe4+ 50. Kf3 Rf4+ 51. Ke3 Kd7 52. Rc3 Kc6 53. Ra3 a4 54. Rc3 f5 55.
Rc1 Rb4 56. Rc2 Rb3+ 57. Kf2 Rb5 58. Ke3 Rxc5 59. Rf2 f4+ 60. Ke4 Kd6 61. Rd2+ Ke6 62. Rh2 Rc4+ 63. Kd3 Rd4+ 64. Kc3 Kf5 65. Rh5+ Ke4 66.
Rh1 f3 67. Re1+ Kf4 68. Rf1 Rd8 69. Kb4 e4 70. Kxa4 e3 71. b4 e2 72. Rb1 Ke3 73.
b5 Kf2 74. b6 e1=Q 75. Rxe1 Kxe1 76. Kb5 Rb8 77. Kc6 Rxb6+ 78. Kxb6 f2 0-1

[Event "*** Titled Tuesday Blitz"]
[Site "Chess.com"]
[Date "2020.10.20"]
[Round "1"]
[White "krasavetc"]
[Black "Leonid_Starozhilov"]
[Result "1/2-1/2"]
[WhiteElo "2317"]
[BlackElo "2638"]
[TimeControl "180+1"]
[EndTime "10:08:52 PDT"]
[Termination "Game drawn by repetition"]

1. Nf3 d5 2. e3 c6 3. d4 Nf6 4. c4 g6 5. Nc3 Bg7 6. Qb3 O-O 7. Be2 b6 8. cxd5 cxd5 9. O-O Nc6 10. Ne5 Na5 11. Qa4 Nd7 12. Nc6 Nxc6 13. Qxc6 Rb8 14.
Qxd5 Bb7 15. Qb3 e5 16. d5 Nc5 17. Qc4 Ba6 18. Qb4 Bxe2 19. Nxe2 Qxd5 20. Nc3 Qc6 21. e4 a5 22. Qc4 b5 23. Qe2 Ne6 24. Nd5 Rfe8 25. Bg5 Nd4 26. Qd3 Rb7 27. Rac1 Qd7 28. Rc5 h6 29. Bf6 Re6 30. Bxg7 Kxg7 31. Rfc1 Re8 32.
h3 b4 33. b3 a4 34. Rc7 Rxc7 35. Rxc7 Qe6 36. bxa4 Ra8 37. Nxb4 Rxa4 38. a3 Ra8 39. f4 h5 40. Nd5 Rb8 41. Kh2 Nb5 42. Rc5 exf4 43.
Rxb5 Ra8 44. Qd4+ Kh7 45. Rb7 Rf8 46. Nf6+ Kh6 47. e5 f3 48. Qf4+ Kg7 49. Qxf3 Qxe5+ 50. Kh1 Qxf6 51. Qxf6+ Kxf6 52. Rb6+ Kg7 53. a4 Rd8 54. a5 Rd2 55. Kh2 Ra2 56. a6 h4 57. Rc6 Ra1 58.
Rb6 f5 59. Rb4 g5 60. Rb7+ Kg6 61. a7 g4 62. hxg4 fxg4 63. Rb4 g3+ 64. Kh3 Rxa7 65.
Rxh4 Ra1 66. Rg4+ Kh5 67. Rh4+ Kg5 68. Rg4+ Kh5 69. Rh4+ Kg5 70. Rg4+ Kh5 1/2-1/2

[Event "*** Titled Tuesday Blitz"]
[Site "Chess.com"]
[Date "2020.10.20"]
[Round "1"]
[White "Boundless_Strike"]
[Black "Margarita2907"]
[Result "1-0"]
[WhiteElo "2515"]
[BlackElo "2165"]
[TimeControl "180+1"]
[EndTime "10:08:52 PDT"]
[Termination "Boundless_Strike won by resignation"]

1. e4 c5 2. Nc3 a6 3. f4 d6 4. Nf3 Nf6 5. g3 g6 6. Bg2 Bg7 7. O-O O-O 8. d3 Nc6 9. Kh1 Rb8 10. a4 b5 11. axb5 axb5 12. Qe1 b4 13.
Nd5 Bb7 14. Nxf6+ Bxf6 15. e5 dxe5 16. fxe5 Bg7 17. e6 fxe6 18. Qxe6+ Kh8 19. Be3 Qd6 20. Ng5 Qxe6 21. Nxe6 Rxf1+ 22. Rxf1 Bxb2 23. Bxc5 Bf6 24. Nf4 Nd4 25. Bxb7 Rxb7 26. Bxd4 Bxd4 27. Rb1 e5 28. Nd5 Bc5 29. Rb3 Kg7 30. Kg2 Kf7 31. Kf3 Ke6 32.
Ke4 Bd6 33. c3 Ra7 34. cxb4 Ra1 35. Ne3 Ra4 36. Nd5 Ra1 37. Nc3 Re1+ 38. Kf3 Rh1 39. b5 Rxh2 40. b6 Bb8 41. b7 Rc2 42. Ne4 Rc7 43.
Rb5 Kd7 44. Rxe5 Kc6 45. Re6+ Kxb7 46. Nd6+ Kc6 47. Ne8+ Kd7 48. Nxc7 Bxc7 49. Re4 Bd6 50. Rd4 Ke6 51. g4 Be5 52. Re4 Kf6 53.
Ra4 Bd6 54. Ra6 Ke6 55. Ra5 Ke7 56. Ke4 Ke6 57. Ra6 h5 58. d4 hxg4 59. d5+ Ke7 60. Ra7+ Kf6 61. Rd7 Bf8 62. Rd8 Be7 63. Rh8 g3 64.
Rh3 g2 65. Rg3 Bd6 66. Rxg2 g5 67. Rf2+ Kg6 68. Rg2 g4 69. Rxg4+ Kh5 70. Rg1 Kh4 71. Kf5 Kh3 72. Re1 1-0

[Event "*** Titled Tuesday Blitz"]
[Site "Chess.com"]
[Date "2020.10.20"]
[Round "1"]
[White "Euwe1234"]
[Black "bait_or_mate"]
[Result "0-1"]
[WhiteElo "2272"]
[BlackElo "2602"]
[TimeControl "180+1"]
[EndTime "10:08:56 PDT"]
[Termination "bait_or_mate won on time"]

1. Nf3 d5 2. d4 Nf6 3. Bf4 e6 4. e3 c5 5. c3 Nc6 6. Nbd2 cxd4 7. exd4 Nh5 8. Bg3 g6 9. Bd3 Bg7 10. O-O O-O 11. Re1 b6 12. Nf1 Bb7 13. Be5 f6 14. Bg3 Nxg3 15. hxg3 e5 16. dxe5 fxe5 17. Be2 Qd7 18.
Ne3 d4 19. cxd4 Nxd4 20. Nc4 e4 21. Nxd4 Qxd4 22. Qxd4 Bxd4 23. Ne3 Bxb2 24. Rad1 Rad8 25. Bc4+ Kg7 26. Nd5 Rfe8 27. Bb3 Rd7 28. Nf4 Ree7 29. Be6 Rxd1 30. Rxd1 Be5 31. Bb3 Bxf4 32. gxf4 Kf6 33. Rd6+ Kf5 34. g3 e3 35. fxe3 Rxe3 36. Kh2 Re2+ 37.
Kh3 Bg2+ 38. Kh4 Bf1 39. Rd5+ Ke4 40. Re5+ Kf3 41. Rxe2 Bxe2 42. Bd5+ Ke3 43. Kg5 Bd3 44. Bg8 Kf2 45. Bxh7 Kxg3 46. Bg8 Kf3 47. Bb3 Ke3 48.
Bf7 Bf5 49. Bb3 b5 50. Bf7 a5 51. Be8 b4 52. Ba4 Kd4 53. Be8 Kc3 54. Bxg6 Be6 55. f5 Bxa2 56. f6 Kd4 57. f7 Bxf7 58. Bxf7 a4 59.
Kf4 b3 60. Be8 b2 61. Bxa4 b1=Q 62. Bc6 Qc1+ 63. Kf5 Qxc6 64. Kg5 Qd5+ 65. Kg4 Qe5 66. Kf3 Qe4+ 67. Kg3 Qf5 0-1

[Event "*** Titled Tuesday Blitz"]
[Site "Chess.com"]
[Date "2020.10.20"]
[Round "1"]
[White "CM_rui"]
[Black "baki83"]
[Result "0-1"]
[WhiteElo "2371"]
[BlackElo "2740"]
[TimeControl "180+1"]
[EndTime "10:09:00 PDT"]
[Termination "baki83 won by checkmate"]

1. e4 e5 2. Nf3 Nc6 3. Bb5 a6 4. Ba4 d6 5. O-O Bd7 6. c3 g6 7. d4 Bg7 8. Re1 Nge7 9. h3 O-O 10. Be3 Kh8 11. Nbd2 f5 12. dxe5 f4 13. Bd4 dxe5 14.
Bc5 b6 15. Bxe7 Qxe7 16. Qe2 b5 17. Bc2 g5 18. Nh2 Rg8 19. a4 Rab8 20. axb5 axb5 21. Bb3 Rgd8 22. Ndf1 b4 23. Bd5 Qc5 24. Qh5 Qe7 25.
Nf3 h6 26. c4 Be8 27. Qg4 Bf6 28.
Ra6 Rb6 29. Rxb6 cxb6 30. Qf5 Bd7 31. Qg6 Qg7 32. Qh5 g4 33. Nh4 Be8 34. Nf5 Bxh5 35. Nxg7 Kxg7 36. Bxc6 gxh3 37. gxh3 Be7 38. Bd5 Bc5 39.
Nh2 Rd7 40. Ng4 Bxg4 41. hxg4 Ra7 42. Kg2 Ra2 43. Rb1 b3 44. f3 Kf6 45. Kh3 Kg5 46.
Kg2 h5 47. gxh5 Kxh5 48. Kf1 Kh4 49. Ke2 Kg3 50. Be6 Kg2 51. Bd5 Ra7 52. Rd1 Ra2 53.
Rb1 Kg3 54. Be6 Ra7 55. Rd1 Rh7 56. Rb1 Rh2+ 57. Kd3 Kxf3 58. Rf1+ Kg3 59. Rb1 f3 60. Kc3 Kf4 61. Kxb3 Re2 62. Bd5 Bd4 63. Ka3 f2 64. b4 Re1 65. Rb3 f1=Q 66. Ka4 Ra1+ 67. Kb5 Ra7 68. Kc6 Rg7 69. Kb5 Qh1 70. Ra3 Qh5 71. Ra6 Qe8+ 72. Bc6 Qb8 73. Bd5 Qd6 74. Ra4 Bc3 75.
Bc6 Rc7 76. Bd5 Rc5+ 77. bxc5 Qxc5+ 78. Ka6 Bd4 79. Kb7 b5 80. Ra6 bxc4 81. Rf6+ Ke3 82. Rf5 c3 83. Rf6 c2 84. Rc6 c1=Q 85. Re6 Qa7# 0-1

[Event "*** Titled Tuesday Blitz"]
[Site "Chess.com"]
[Date "2020.10.20"]
[Round "1"]
[White "dopolian"]
[Black "Onischuk_V"]
[Result "1-0"]
[WhiteElo "2419"]
[BlackElo "2797"]
[TimeControl "180+1"]
[EndTime "10:09:01 PDT"]
[Termination "dopolian won on time"]

1. Nf3 g6 2. d4 Bg7 3. g3 d6 4.
Bg2 Nf6 5. O-O O-O 6. b3 b5 7.
a4 b4 8. Bb2 Bb7 9. Nbd2 a5 10.
Re1 Ne4 11. Nxe4 Bxe4 12. Nd2 Bxg2 13. Kxg2 c5 14. Nc4 Nc6 15. d5 Bxb2 16. Nxb2 Ne5 17. f4 Nd7 18. Nc4 Nb6 19. Qd3 Nxc4 20. Qxc4 Re8 21.
e4 Qc7 22. e5 dxe5 23. fxe5 Rad8 24. Rad1 Qb7 25. Kg1 Rc8 26. Kf2 Rcd8 27. Rd2 Rd7 28. Qxc5 Rc8 29. Qd4 Rc3 30. Re3 Rxe3 31. Kxe3 e6 32. d6 Qh1 33. Rf2 Qe1+ 34. Kd3 Rd8 35. Qf4 Rf8 36. Qe3 Qc3+ 37. Ke4 Qc6+ 38. Kf4 f6 39.
Kg4 f5+ 40. Kh3 Rc8 41. Rd2 Rd8 42. Qd4 g5 43. Qc4 Qe8 44. Qc7 Rd7 45. Qxa5 Qh5+ 46.
Kg2 Qg4 47. Qc5 Qe4+ 48. Kf2 Kf7 49. Qd4 Qh1 50. Ke3 Qg1+ 51. Rf2 Qe1+ 52. Re2 Qg1+ 53. Rf2 Qe1+ 54. Kf3 Qh1+ 55. Ke2 g4 56. Qxb4 Qc1 57.
Qd4 Qxc2+ 58. Kf1 Qc1+ 59. Kg2 Qc6+ 60. Kg1 Qc1+ 61. Rf1 Qc2 62. b4 Qxa4 63. Qc5 Qa2 64. Rc1 Qe2 65. b5 Rb7 66. b6 Kg6 67. Qc6 Qe3+ 68.
Kg2 Qe2+ 69. Kg1 Qe3+ 70. Kh1 Rxb6 71. Qc8 Kh6 72. Qxe6+ Kg5 73. Qf6+ Kh5 74. Qxf5+ Kh6 75. Qf4+ Qxf4 76. gxf4 Rb2 77. Rd1 1-0

[Event "*** Titled Tuesday Blitz"]
[Site "Chess.com"]
[Date "2020.10.20"]
[Round "1"]
[White "shineatchess"]
[Black "Zhani-Z"]
[Result "0-1"]
[WhiteElo "2199"]
[BlackElo "2529"]
[TimeControl "180+1"]
[EndTime "10:09:02 PDT"]
[Termination "Zhani-Z won on time"]

1. e4 e5 2. Nf3 Nc6 3. Nc3 Nf6 4. Bb5 Bd6 5. d3 a6 6. Ba4 h6 7. a3 b5 8. Bb3 Bc5 9. O-O d6 10. h3 O-O 11. Be3 Be6 12. Nd5 Bxe3 13. fxe3 Bxd5 14.
exd5 Ne7 15. e4 Ng6 16. c3 Qd7 17. Nh2 a5 18. Rxf6 gxf6 19. Qh5 Kg7 20. Ng4 Rh8 21.
Rf1 Nf4 22. Qh4 Qd8 23. Ne3 f5 24. Nxf5+ Kf8 25. Qxd8+ Rxd8 26. Bc2 h5 27. Kh2 h4 28. Rf3 f6 29. d4 Kf7 30. dxe5 fxe5 31. g4 hxg3+ 32. Nxg3 Rxh3+ 33. Kg1 Rxg3+ 34. Rxg3 Ne2+ 35. Kf2 Nxg3 36. Kxg3 b4 37. axb4 axb4 38. cxb4 Rb8 39. Kf3 Rxb4 40. b3 Kf6 41. Ke3 Kg5 42. Kd3 Kf4 43. Kc3 Rxe4 44. Bxe4 Kxe4 45. Kc4 Kf3 46. Kb5 e4 47. Kc6 e3 48. Kxc7 e2 49. Kxd6 e1=Q 50. Kc7 Qb4 51. d6 Qxb3 52. d7 Qc4+ 53. Kb8 Qb5+ 54.
Kc8 Qc6+ 55. Kd8 Ke4 56. Ke7 Qc5+ 57. Ke8 Qe5+ 58. Kf7 Qd6 59. Ke8 Qe6+ 60. Kd8 Ke5 61. Kc7 Qc4+ 62. Kb6 Qb4+ 63. Kc7 Qc5+ 64. Kb7 Qb5+ 65.
Kc7 Qc5+ 66. Kb7 Qd6 67. Kc8 Qc6+ 68. Kd8 Ke6 0-1

[Event "*** Titled Tuesday Blitz"]
[Site "Chess.com"]
[Date "2020.10.20"]
[Round "1"]
[White "ambaixador"]
[Black "JonahWillow"]
[Result "0-1"]
[WhiteElo "2303"]
[BlackElo "2638"]
[TimeControl "180+1"]
[EndTime "10:09:07 PDT"]
[Termination "JonahWillow won by checkmate"]

1. Nf3 c5 2. c4 Nc6 3. g3 g6 4. Bg2 Bg7 5. O-O e6 6. Nc3 Nge7 7. e3 O-O 8. d4 d6 9. b3 cxd4 10. Nxd4 Nxd4 11. exd4 Nf5 12. Ne2 Rb8 13. Bb2 b5 14.
Rb1 Ba6 15. c5 b4 16. Re1 dxc5 17. d5 exd5 18. Bxd5 Bxb2 19. Rxb2 Bxe2 20. Rbxe2 Nd4 21. Re5 Qd6 22. Kg2 Rbd8 23. Qg4 Kg7 24. Bc4 Qc6+ 25. Qe4 Qd6 26. Re7 Rd7 27. h4 Rxe7 28. Qxe7 Qc6+ 29. Qe4 Qxe4+ 30. Rxe4 Kf6 31. g4 h6 32. f4 Rd8 33.
g5+ hxg5 34. hxg5+ Kf5 35. Re5+ Kxf4 36. Rxc5 Nf5 37.
Bxf7 Kxg5 38. Rd5 Rc8 39. Kf3 Kf6 40. Rd7 Ke5 41. Bc4 Rh8 42. Rxa7 Rh3+ 43. Kg2 Rc3 44. Ra5+ Kf4 45. Rb5 Rc2+ 46. Kf1 Rxa2 47. Rxb4 Ke3 48. Bd5 Nd4 49. Rb8 Rf2+ 50. Kg1 Ne2+ 51. Kh1 Nf4 52. Re8+ Kd3 53. Bc4+ Kd4 54. Rf8 g5 55.
Re8 Rb2 56. Kg1 Kc3 57. Rg8 Kd4 58. Kf1 Rb1+ 59. Kf2 Ke4 60. Rxg5 Nh3+ 61. Kg3 Nxg5 62. Kg4 Rg1+ 63. Kh5 Kf4 64. Kg6 Ne4+ 65. Kf7 Nd2 66. Be6 Ke5 67. b4 Rf1+ 68. Ke7 Rh1 69. b5 Rh7+ 70. Bf7 Nc4 71. Kf8 Nd6 72. Bg8 Rb7 73. b6 Rxb6 74. Bf7 Kf6 75. Be8 Rb8 76. Kg8 Rxe8+ 77.
Kh7 Rd8 78. Kh6 Rh8# 0-1

[Event "*** Titled Tuesday Blitz"]
[Site "Chess.com"]
[Date "2020.10.20"]
[Round "1"]
[White "simplerXiao"]
[Black "Anton_Demchenko"]
[Result "0-1"]
[WhiteElo "2419"]
[BlackElo "2850"]
[TimeControl "180+1"]
[EndTime "10:09:10 PDT"]
[Termination "Anton_Demchenko won by checkmate"]

1. Nf3 Nf6 2. d4 g6 3. g3 Bg7 4. Bg2 O-O 5. O-O d6 6. Re1 Nbd7 7. e4 e5 8. Nc3 b6 9. a4 a6 10. h3 Bb7 11. Bg5 h6 12. Bd2 Re8 13. d5 a5 14. g4 Nc5 15. Nh2 Bc8 16. Nf1 h5 17. g5 Nh7 18. h4 f6 19. Ng3 fxg5 20.
hxg5 Nxg5 21. Nxh5 gxh5 22. Qxh5 Nh7 23. Ne2 Rf8 24. Ng3 Qf6 25. Re2 Qf7 26. Qh4 Bf6 27.
Qh2 Bg5 28. Rf1 Bf4 29. Bxf4 exf4 30. Nf5 Bxf5 31. exf5 Qxf5 32. Bh3 Qxd5 33. f3 Rf7 34. Rg2+ Kh8 35. Bg4 Rg8 36. Qh4 Qd4+ 37. Kh1 Qf6 38. Qh3 Rg6 39. Rh2 Rgg7 40. Re1 Re7 41. Rg1 Nd7 42.
Qh5 Nf8 43. Qd5 Re5 44. Qd3 Qe7 45. Rf1 Re1 46. Bf5 Rxf1+ 47. Qxf1 Kg8 48. Be4 Qe5 49. c4 Kh8 50. Bd5 Qg5 51. Qf2 Ng6 52. Be4 Nf8 53.
Qf1 Qf6 54. Qh3 Ne6 55. Qf5 Qxf5 56. Bxf5 Ng5 57. Rh5 Re7 58. Kg2 Kg7 59. Kf1 Kg8 60. Bg4 Rg7 61. Rh6 Nf7 62. Rh5 Nf8 63.
Be6 Rg6 64. Rf5 Rxe6 65. Rxf4 Re5 66. Rg4+ Rg5 67. f4 Rg7 68. Rg3 Rxg3 69. Kf2 Rg7 70. Kf3 Nd7 71. f5 Nc5 72. Kf4 Rh7 73. f6 Rh6 74.
Kf5 Nd7 75. b4 Nxf6 76. c5 dxc5 77. bxa5 bxa5 78. Ke6 c4 79. Ke7 c3 80. Ke6 c2 81.
Kf5 Ne8 82. Ke4 Rb6 83. Kd4 c1=Q 84. Kd5 Qd1+ 85. Kc5 Qc2+ 86. Kd4 Qd2+ 87. Ke4 Qe2+ 88. Kf5 Rf6# 0-1

[Event "*** Titled Tuesday Blitz"]
[Site "Chess.com"]
[Date "2020.10.20"]
[Round "1"]
[White "Swarnapuri"]
[Black "Pavalamalli"]
[Result "1-0"]
[WhiteElo "2612"]
[BlackElo "2282"]
[TimeControl "180+1"]
[EndTime "10:09:20 PDT"]
[Termination "Swarnapuri won by checkmate"]

1. d4 Nf6 2. Bf4 e6 3. e3 d5 4. Nd2 Bd6 5. Ngf3 c5 6. dxc5 Bxc5 7. c4 O-O 8. Bd3 Nc6 9. O-O Bd6 10. Bg5 dxc4 11. Nxc4 Be7 12. a3 h6 13. Bh4 Nd5 14. Bg3 a6 15. Rc1 b5 16. Nce5 Nxe5 17. Nxe5 Bb7 18. Bb1 Rc8 19. Rxc8 Qxc8 20. Qd3 Nf6 21. Ng4 g6 22. Ne5 Be4 23. Qe2 Bxb1 24. Rxb1 Rd8 25. Bf4 Kg7 26. h3 Qc5 27. Nf3 Rc8 28. Ne1 Qc4 29. Qf3 Qd5 30. Qe2 Rd8 31. Kf1 Qd2 32. Be5 Qxe2+ 33. Kxe2 Rc8 34. Rd1 Kf8 35. Nd3 Ne4 36. f3 Rc2+ 37. Ke1 Nf6 38. Rd2 Rc8 39.
Ke2 Nd5 40. e4 Nb6 41. Bd4 Nc4 42. Rc2 Rd8 43. Be3 Nxe3 44. Kxe3 Bg5+ 45. f4 Be7 46. Rc6 a5 47. Rb6 b4 48. a4 Rc8 49. Rb5 Rc2 50. g3 Rg2 51. Kf3 Rd2 52. Ke3 Rg2 53. g4 Rg3+ 54. Kd4 Rxh3 55. Rxa5 Rg3 56. Rb5 Rxg4 57. a5 Rg1 58. Nxb4 Bxb4 59. Rxb4 Ra1 60. Rb8+ Kg7 61. b4 h5 62. Ke3 h4 63. Kf3 f6 64.
Kg4 Rf1 65. a6 Ra1 66. b5 g5 67. fxg5 fxg5 68. Kxg5 h3 69. Rb7+ Kf8 70. Rh7 Rb1 71. Kf6 Rf1+ 72. Kxe6 Rb1 73. a7 Ra1 74. b6 Ra6 75. Kf5 Ra5+ 76. e5 Ke8 77. b7 Rxa7 78.
b8=Q# 1-0

[Event "*** Titled Tuesday Blitz"]
[Site "Chess.com"]
[Date "2020.10.20"]
[Round "1"]
[White "DrVitman"]
[Black "AryanTari"]
[Result "0-1"]
[WhiteElo "2420"]
[BlackElo "2858"]
[TimeControl "180+1"]
[EndTime "10:09:26 PDT"]
[Termination "AryanTari won on time"]

1. e4 e5 2. Nf3 Nc6 3. Bc4 Nf6 4. O-O Bc5 5. d4 Bxd4 6. Nxd4 Nxd4 7. Bg5 d6 8. f4 Be6 9. fxe5 dxe5 10. Na3 Qe7 11. c3 Nc6 12. Qf3 O-O-O 13. Bxf6 gxf6 14. Qxf6 Qc5+ 15. Qf2 Qxf2+ 16. Rxf2 Kd7 17. Bxe6+ Kxe6 18. Raf1 Rhf8 19. Rf6+ Ke7 20. Nc4 Rd3 21. Rh6 Rh8 22. Kf2 Rdd8 23. Ke2 Rdg8 24. g3 Rg6 25. Rh5 f6 26.
Ne3 Nd8 27. Nd5+ Kf7 28. Rhf5 c6 29. Rxf6+ Rxf6 30. Nxf6 Ke7 31. Ng4 Nf7 32. Rf5 Ke6 33. Rf6+ Ke7 34. Rf1 h5 35. Ne3 Ke6 36. Nf5 Ng5 37.
Ke3 Rf8 38. Ng7+ Ke7 39. Rxf8 Kxf8 40. Nxh5 Kf7 41. h4 Kg6 42. hxg5 Kxh5 43. Kf3 Kxg5 44. c4 c5 45. a4 a5 46. b3 b6 47. Kf2 Kg4 48.
Kg2 Kh5 49. Kh3 Kg5 50. Kg2 Kg4 51. Kf2 Kh5 52. Kg1 Kg5 53. Kh2 Kg4 54. Kg2 Kh5 55.
Kh3 Kg5 56. g4 Kf4 57. Kh4 Kxe4 58. g5 Kd3 59. g6 e4 60. g7 e3 61. g8=Q e2 62.
Qd5+ Kc3 63. Qf3+ Kd2 64. Qf4+ Kc2 65. Qe4+ Kd2 66. Qd5+ Kc2 67. Qe5 Kd2 68. Qd6+ Kc2 69. Qe6 Kd2 70. Qxb6 e1=Q+ 71. Kg4 Qe4+ 72. Kg5 Qe5+ 73.
Kg6 Kc3 74. Qxa5+ Kxb3 75. Qb5+ Kc3 76. Kf7 Qc7+ 77. Ke6 Kd4 78. a5 Qc8+ 79. Kd6 Qd8+ 80.
Kc6 Qc8+ 81. Kb6 Qb8+ 82. Kc6 Qc8+ 0-1

[Event "*** Titled Tuesday Blitz"]
[Site "Chess.com"]
[Date "2020.10.20"]
[Round "1"]
[White "Zemerovv"]
[Black "suyu28"]
[Result "0-1"]
[WhiteElo "2277"]
[BlackElo "2604"]
[TimeControl "180+1"]
[EndTime "10:09:26 PDT"]
[Termination "suyu28 won by checkmate"]

1. g3 d5 2. Bg2 e5 3. d3 Nf6 4.
e3 Nc6 5. Ne2 Be7 6. h3 O-O 7.
g4 Be6 8. Ng3 Re8 9. Nd2 a5 10. a4 Bf8 11. Nf3 Rb8 12. b3 Bb4+ 13.
Kf1 Qe7 14. Bb2 Bd7 15. g5 Kh8 16. gxf6 gxf6 17. Nh4 Rg8 18. Nhf5 Bxf5 19. Nxf5 Qd7 20. e4 Nd8 21. Qh5 Ne6 22. Nh6 Rxg2 23. Nxf7+ Kg7 24. Qh6+ Kxf7 25. Kxg2 Rg8+ 26. Kf1 Rg7 27. Qh5+ Kg8 28. Rg1 Rxg1+ 29. Kxg1 Nf4 30. Qg4+ Qxg4+ 31. hxg4 d4 32. f3 Kf7 33. Bc1 Ne2+ 34. Kf2 Nc3 35. Bd2 Kg6 36. Bxc3 dxc3 37. Rh1 Bc5+ 38. Ke2 h6 39. Rh5 Bd4 40. f4 b6 41. fxe5 Bxe5 42. Kf3 c5 43. Rh1 Kg5 44.
Ra1 Bd4 45. Rh1 Be5 46. Rh5+ Kg6 47. Ke3 Kg7 48. d4 cxd4+ 49. Kd3 Kg6 50. Kc4 Kg7 51. Rh3 Kg6 52. Kb5 Kg5 53. Kxb6 Kxg4 54. Rxh6 d3 55. cxd3 c2 56. Rh1 Bf4 57. Kxa5 Kf3 58. Kb4 Ke2 59. Kc3 c1=Q+ 60. Rxc1 Bxc1 61. b4 Bd2+ 62. Kc4 Ke3 63. a5 Kf4 64. a6 Be3 65. b5 Ke5 66. d4+ Bxd4 67. Kd3 Bb6 68. Kc4 Kxe4 69.
Kc3 f5 70. Kd2 f4 71. Ke2 f3+ 72. Kf1 f2 73. Ke2 Kd5 74. Kf1 Kc4 75. Ke2 Kxb5 76. Kf1 Kxa6 77. Ke2 Kb5 78. Kf1 Kc4 79. Ke2 Kd5 80.
Kf1 Ke4 81. Ke2 Bc5 82. Kf1 Ke3 83. Kg2 Ke2 84. Kg3 f1=Q 85. Kg4 Qf3+ 86. Kg5 Be3+ 87. Kg6 Qf4 88. Kg7 Qf5 89. Kg8 Qd7 90. Kf8 Bh6+ 91. Kg8 Qg7# 0-1

[Event "*** Titled Tuesday Blitz"]
[Site "Chess.com"]
[Date "2020.10.20"]
[Round "1"]
[White "FloMasterAAK"]
[Black "SergeyShtyka"]
[Result "0-1"]
[WhiteElo "2526"]
[BlackElo "2245"]
[TimeControl "180+1"]
[EndTime "10:09:27 PDT"]
[Termination "SergeyShtyka won on time"]

1. e4 c5 2. Nf3 Nc6 3. d4 cxd4 4. Nxd4 Nf6 5. Nc3 e5 6. Ndb5 h6 7. Nd6+ Bxd6 8. Qxd6 Qe7 9. Qc7 d6 10. Qxe7+ Kxe7 11. Be3 Be6 12. O-O-O Ng4 13. Nd5+ Bxd5 14. exd5 Nxe3 15. fxe3 Nb8 16. c4 Nd7 17. Bd3 Nc5 18. Bc2 a5 19. Kd2 Rac8 20. Kc3 g6 21. g4 h5 22. g5 Rc7 23. Rhf1 Rhc8 24. a4 Nxa4+ 25. Bxa4 Rxc4+ 26. Kb3 b5 27. Bxb5 Rb4+ 28. Ka3 Rxb5 29.
Rd2 Rcc5 30. Rdf2 f5 31. gxf6+ Kf7 32. e4 Rc4 33. Rf3 Rxe4 34. Rc3 Rc5 35. Rb3 Rb4 36.
Rxb4 axb4+ 37. Kxb4 Rxd5 38. Kc3 e4 39. b4 e3 40. Kc4 e2 41. Re1 Rd2 42. b5 Kxf6 43.
b6 Rb2 44. Kd5 Rxb6 45. Rxe2 Kg7 46. Ke6 Kh6 47. Rg2 Rb1 48. Kxd6 Re1 49. Kd5 h4 50.
Kd4 g5 51. Kd3 Kh5 52. Kd2 Re8 53. h3 Re7 54. Kd3 Re6 55. Kd2 Re5 56. Kd3 Re1 57. Rf2 Rg1 58. Rf3 Rg3 59. Ke3 Rg1 60. Kf2 Rc1 61.
Kg2 Rc2+ 62. Kh1 Rd2 63. Rf1 Re2 64. Rg1 Kg6 65. Rf1 Rd2 66. Kg1 Rc2 67. Kh1 Rb2 68. Kg1 Ra2 69. Kh1 Ra3 70. Kh2 Rb3 71. Rf2 Rb4 72.
Rg2 Rf4 73. Ra2 Re4 74. Ra6+ Kf5 75. Ra2 Kf4 76. Rf2+ Ke3 77. Rg2 Re5 78. Rg4 Rf5 79.
Rg2 Kf3 80. Rg1 Ke2 81. Kh1 Rf1 0-1